 Dungeon Crawl Stone Soup version 0.27.0-65-ge2af304b15 (webtiles) character file.

Game seed: 1880721412871635455

12472 RepoMan the Zephyrmancer (level 11, -9/93 HPs)
             Began as a Gargoyle Air Elementalist on Aug 17, 2021.
             Was a Priest of Qazlal.
             Killed by an exploding thrashing horror (14 damage)
             ... ignited by their inner flame
             ... on level 3 of the Abyss on Aug 18, 2021.
             The game lasted 01:46:10 (13328 turns).

RepoMan the Zephyrmancer (GrAE)                    Turns: 13328, Time: 01:46:12

Health: -9/93      AC: 25    Str:  7    XL:     11   Next: 93%
Magic:  18/22      EV:  2    Int: 20    God:    Qazlal [***...]
Gold:   762        SH:  9    Dex: 10    Spells: 6/18 levels left

rFire    + . .     SeeInvis .   y - +5 flail "Ximnus" {flame, rN+}
rCold    + . .     Faith    .   (no shield)
rNeg     + + +     Spirit   .   (armour currently unavailable)
rPois    ∞         Reflect  +   (helmet currently unavailable)
rElec    +         Harm     .   (cloak currently unavailable)
rCorr    +         Rampage  .   (gloves currently unavailable)
Will     .....     NoTele   +   (boots currently unavailable)
Stlth    +.........             k - amulet of reflection
HPRegen  0.25/turn              n - ring of magical power
MPRegen  0.18/turn              j - +4 ring of slaying

@: tree-form, resistant
A: stationary, stasis, torment immunity, boosted hp, sickness immunity, AC +8,
negative energy resistance 1, (electricity resistance), torment resistance 1,
petrification resistance, (iridescent scales 1), (camouflage 1), ([deformed
body]), [low mp 2], [weak 2]
a: Renounce Religion, Upheaval, Elemental Force


You were on level 3 of the Abyss.
You worshipped Qazlal.
Qazlal was most pleased with you.
You were a tree.
You visited 2 branches of the dungeon, and saw 12 of its levels.
You visited the Abyss 1 time.
You also visited: Ossuary.

You collected 762 gold pieces.

Inventory:

Hand Weapons
 d - a +1 hunting sling
 y - the +5 flail "Ximnus" (weapon) {flame, rN+}
   (You found it on level 6 of the Dungeon)

   It burns those it strikes, dealing additional fire damage.
   rN:        It protects you from negative energy.
Missiles
 c - 133 sling bullets
 h - 6 curare-tipped darts (quivered)
Armour
 a - a +0 robe (melded)
 f - a +0 pair of boots (melded)
 p - a +1 helmet (melded)
 K - a +0 cloak (melded)
Jewellery
 j - a +4 ring of slaying (right branch)
 k - an amulet of reflection (around neck)
 n - a ring of magical power (left branch)
 s - a ring of resist corrosion
 C - a ring of positive energy
Wands
 D - a wand of flame (11)
Scrolls
 b - 2 scrolls of enchant weapon
 e - 3 scrolls of teleportation
 i - a scroll of fog
 l - a scroll of holy word
 q - a scroll of immolation
 A - 2 scrolls of enchant armour
 B - a scroll of vulnerability
 H - 2 scrolls of amnesia
 I - a scroll of torment {unknown}
Potions
 g - 3 potions of haste
 m - a potion of flight
 t - a potion of ambrosia
 v - 4 potions of curing
 x - 4 potions of lignification
 z - a potion of attraction
 E - 3 potions of mutation


   Skills:
 + Level 4.6 Fighting
 * Level 5.4 Dodging
 - Level 2.1 Stealth
 - Level 4.1 Spellcasting
 - Level 9.1 Conjurations
 + Level 12.0 Air Magic
 - Level 3.1 Invocations


You had 6 spell levels left.
You knew the following spells:

 Your Spells              Type           Power      Damage    Failure   Level
a - Airstrike             Air            25%        N/A       1%          4
d - Static Discharge      Conj/Air       46%        N/A       1%          2
s - Swiftness             Air            51%        N/A       1%          3
v - Poisonous Vapours     Pois/Air       56%        N/A       1%          2
z - Shock                 Conj/Air       100%       1d9       1%          1

Your spell library contained the following spells:

 Spells                   Type           Power      Damage    Failure   Level
 Corona                   Hex            4%         N/A       13%         1
 Freeze                   Ice            16%        1d4       13%         1
 Sting                    Tmut/Pois      16%        1d3       13%         1
 Summon Small Mammal      Summ           16%        N/A       13%         1
 Ensorcelled Hibernation  Hex/Ice        8%         N/A       19%         2
 Hailstorm                Conj/Ice       22%        3d7       19%         4
 Call Canine Familiar     Summ           4%         N/A       36%         3
 Frozen Ramparts          Ice            8%         1d2       36%         3
 Gell's Gravitas          Tloc           2%         N/A       36%         3
 Lesser Beckoning         Tloc           2%         N/A       36%         3
 Summon Guardian Golem    Hex/Summ       4%         N/A       36%         3
 Teleport Other           Tloc           4%         N/A       36%         3
 Tukima's Dance           Hex            4%         N/A       36%         3
 Olgreb's Toxic Radiance  Pois           4%         N/A       77%         4


Dungeon Overview and Level Annotations

Branches:
Dungeon (11/15)            Temple (1/1) D:4            Lair (0/6) D:8
Ossuary (visited)
    Orc: D:9-12

Altars:
Ashenzari
Cheibriados
Dithmenos
Elyvilon
Fedhas
Gozag
Hepliaklqana
Kikubaaqudgha
Makhleb
Okawaru
Qazlal
Ru
Sif Muna
Trog
Uskayaw
Vehumet
Wu Jian
Xom
Yredelemnul
Zin
The Shining One

Shops:
D:8 =   D:9 (

Annotations:
D:2 exclusion: downstairs
D:7 1 runed translucent door, exclusion: downstairs, flestrin's ghost, novice DsGl
D:9 2 runed translucent doors


Innate Abilities, Weirdness & Mutations

You are a tree.
Your roots penetrate the ground, keeping you stationary.
You cannot be teleported.
You are immune to unholy pain and torment.
Your maximum health is greatly increased.
Your equipment is partially melded.
You are immune to sickness and miasma.
((Your stone body is resilient. (AC +8)))
You are immune to poison.
You resist negative energy. (rN+)
((You are resistant to electric shocks. (rElec)))
You are resistant to unholy torment.
You are immune to petrification.
((You are partially covered in iridescent scales. (AC +2)))
((Your skin changes colour to match your surroundings (Stealth+).))
[((Armour fits poorly on your strangely shaped body.))]
[Your magical capacity is very low. (-20% MP)]
[You are very weak. (Str -4)]


Message History

Flame seeps out of the thrashing horror.
The thrashing horror is severely damaged.
The fiery explosion engulfs the thrashing horror!
The thrashing horror resists.
Flame seeps out of the thrashing horror.
The thrashing horror is heavily damaged.
The fiery explosion engulfs something!!!
Qazlal accepts your kill.
You feel a bit more experienced. The fiery explosion engulfs you. You resist.
* * * LOW HITPOINT WARNING * * *
The fiery explosion engulfs something!!
Flame seeps out of something.
The unseen horror explodes!
The fiery explosion engulfs something!!
The fiery explosion engulfs the thrashing horror!!
The thrashing horror resists.
The thrashing horror is heavily damaged.
The fiery explosion engulfs something!!
Qazlal accepts your kill.
You feel a bit more experienced.
The fiery explosion engulfs the thrashing horror!
The thrashing horror resists.
Flame seeps out of the thrashing horror.
The thrashing horror is almost destroyed.
The fiery explosion engulfs the thrashing horror!!
The thrashing horror resists.
Flame seeps out of the thrashing horror.
The thrashing horror is severely damaged.
The unseen horror explodes!
The fiery explosion engulfs the thrashing horror.
The thrashing horror resists.
The thrashing horror is severely damaged.
The fiery explosion engulfs the thrashing horror!
The thrashing horror resists.
Qazlal accepts your kill.
The fiery explosion engulfs the lurking horror!
You feel a surge of unholy energy.
Something is bathed in an unholy light! x3
Flame seeps out of something.
The thrashing horror explodes!
The fiery explosion engulfs you! You resist.
You die...

## ..# #+++
.... ###?§§#
....
##(φ§§§##..##..
#(/$X§○♣#.....#
#([)φX○X#..#.#.
#[$[[{§{# ..#
##()(φ*##. #..
.##[[[# .# .# .
#### # # ....
.....


You could see 3 thrashing horrors and a lurking horror.

Vanquished Creatures
  Gastronok (D:10)
  3 two-headed ogres
  A death yak (D:8)
  A thrashing horror (Abyss:3)
  A wretched star (Abyss:3)
  A manticore (D:8)
  5 unseen horrors (Abyss:3)
  A gargoyle (D:10)
  An ancient zyme (Abyss:3)
  2 meliai (Abyss:3)
  3 wraiths
  2 wyverns
  10 yaks
  A neqoxec (Abyss:3)
  An acid dragon (D:9)
  3 water moccasins
  A sky beast (D:8)
  2 black bears
  An orc warrior (D:8)
  3 centaurs
  3 ogres
  A phantom (D:7)
  A kobold brigand (D:7)
  A bullfrog (D:7)
  A gnoll sergeant (D:8)
  3 scorpions
  A water moccasin skeleton (D:6)
  16 killer bees
  4 howler monkeys
  A bullfrog zombie (D:6)
  A bullfrog skeleton (D:4)
  5 hounds
  5 jellies
  A centaur skeleton (D:5)
  4 orc priests
  3 iguanas
  2 orc wizards
  9 mummies
  4 gnolls (D:8)
  8 adders
  2 howler monkey skeletons
  A shadow imp (D:8)
  A white imp (D:7)
  4 dart slugs
  17 orcs
  3 endoplasms
  2 giant cockroaches
  3 goblins
  7 hobgoblins
  9 jackals
  A quokka (D:1)
  8 ball pythons
  6 bats
  5 frilled lizards
  A gnoll zombie (Ossuary)
  4 hobgoblin zombies (Ossuary)
  15 kobolds
  A kobold zombie (Ossuary)
  2 orc zombies (Ossuary)
  6 rats
  A lurking horror (Abyss:3)
217 creatures vanquished.

Vanquished Creatures (collateral kills)
  A death yak (D:8)
  A kobold brigand (D:8)
2 creatures vanquished.

Vanquished Creatures (others)
  A bullfrog (D:8)
  2 killer bees (D:8)
  A howler monkey (D:6)
  2 withered plants (D:7)
6 creatures vanquished.

Grand Total: 225 creatures vanquished

Notes
Turn   | Place    | Note
-------+----------+-------------------------------------------
     0 | D:1      | RepoMan the Gargoyle Air Elementalist began the quest for
                  | the Orb.
     0 | D:1      | Reached XP level 1. HP: 10/10 MP: 3/3
   353 | D:1      | Reached XP level 2. HP: 15/15 MP: 5/5
   356 | D:1      | Learned a level 2 spell: Static Discharge
   818 | D:1      | Reached skill level 3 in Air Magic
   913 | D:2      | Found a faded altar of an unknown god.
   962 | D:2      | Reached XP level 3. HP: 19/19 MP: 6/6
  1388 | D:2      | Noticed an ogre
  1396 | D:2      | Killed an ogre
  1397 | D:2      | Reached skill level 4 in Air Magic
  1397 | D:2      | Reached XP level 4. HP: 24/24 MP: 0/7
  1397 | D:2      | Reached XP level 5. HP: 28/28 MP: 0/8
  1402 | D:2      | Learned a level 3 spell: Swiftness
  2248 | D:3      | Noticed a water moccasin
  2268 | D:3      | Killed a water moccasin
  2269 | D:3      | Reached XP level 6. HP: 26/32 MP: 1/9
  2607 | D:3      | Reached skill level 5 in Air Magic
  3375 | D:4      | Reached XP level 7. HP: 35/36 MP: 10/10
  3389 | D:4      | Found an opulent altar of Gozag.
  3449 | D:4      | Found a radiant altar of Vehumet.
  3980 | D:4      | Found a staircase to the Ecumenical Temple.
  3986 | Temple   | Entered the Ecumenical Temple
  4065 | Temple   | Became a worshipper of Qazlal Stormbringer
  4525 | D:5      | Entered Level 5 of the Dungeon
  4597 | D:5      | Reached skill level 5 in Conjurations
  4597 | D:5      | Reached skill level 6 in Air Magic
  4912 | D:5      | Identified the +1 scale mail of Xoyrar {Drain rPois Regen+
                  | Stlth+}
  5242 | D:5      | Reached XP level 8. HP: 41/41 MP: 11/11
  5344 | D:5      | Learned a level 2 spell: Poisonous Vapours
  5400 | D:5      | Reached skill level 7 in Air Magic
  5584 | D:6      | Identified the +5 flail "Ximnus" {flame, rN+}
  5794 | D:6      | Found a shimmering blue altar of Sif Muna.
  5962 | D:6      | Learned a level 4 spell: Airstrike
  7134 | D:7      | Reached XP level 9. HP: 45/45 MP: 13/13
  7174 | D:7      | Reached * piety under Qazlal
  7175 | D:7      | Reached skill level 8 in Air Magic
  7342 | D:7      | Found an ornate altar of the Wu Jian Council.
  7441 | D:7      | Found a runed translucent door.
  7441 | D:7      | Noticed flestrin's ghost (novice DsGl)
  8072 | D:8      | Found Rulugom's Jewellery Emporium.
  8085 | D:8      | Noticed a two-headed ogre
  8095 | D:8      | Identified the +8 hand axe of Blood-Lust {vorpal, *Slow Fly
                  | rPois Stlth+}
  8172 | D:8      | Killed a two-headed ogre
  8173 | D:8      | Reached skill level 9 in Air Magic
  8343 | D:8      | Found a sand-covered staircase.
  8389 | Ossuary  | Entered an ossuary
  8782 | D:8      | Found a shadowy altar of Dithmenos.
  9063 | D:8      | Noticed a death yak
  9074 | D:8      | Killed a death yak
  9075 | D:8      | Reached skill level 10 in Air Magic
  9075 | D:8      | Reached XP level 10. HP: 50/50 MP: 14/14
  9075 | D:8      | Noticed a death yak
  9079 | D:8      | Noticed a death yak
  9116 | D:7      | Reached ** piety under Qazlal
  9192 | D:7      | Upgraded the game from 0.27.0-1-g7a089689b8 to
                  | 0.27.0-65-ge2af304b15
  9559 | D:8      | Found a staircase to the Lair.
  9629 | D:8      | Killed a death yak
  9933 | D:8      | Noticed a manticore
  9942 | D:8      | Killed a manticore
 10202 | D:8      | Reached skill level 11 in Air Magic
 10286 | D:9      | Noticed a two-headed ogre
 10295 | D:8      | Reached skill level 1 in Invocations
 10502 | D:9      | Noticed a red ugly thing
 10506 | D:9      | Noticed a green ugly thing
 10526 | D:9      | Found a large runed translucent door.
 10526 | D:9      | Found a large runed translucent door.
 10526 | D:9      | Found a shimmering altar of Xom.
 10526 | D:9      | Identified the +3 dagger "Wuisiynk" {chaos, Dex+6}
 10526 | D:9      | Noticed a kobold demonologist
 10526 | D:9      | Noticed a kobold demonologist
 10552 | D:9      | Killed a two-headed ogre
 10553 | D:9      | Reached XP level 11. HP: 19/54 MP: 10/17
 10790 | D:9      | Found Upnupud's Weapon Emporium.
 11085 | D:9      | Found a snail-covered altar of Cheibriados.
 11483 | D:10     | Entered Level 10 of the Dungeon
 11593 | D:9      | Reached skill level 1 in Fighting
 12474 | D:10     | Noticed a two-headed ogre
 12489 | D:10     | Killed a two-headed ogre
 12892 | D:11     | Noticed Gastronok
 12917 | D:10     | Killed Gastronok
 13183 | D:11     | Noticed a wizard
 13187 | D:11     | Cast into level 3 of the Abyss (a wizard)
 13190 | Abyss:3  | Found a corrupted altar of Lugonu.
 13209 | Abyss:3  | Noticed a brown very ugly thing
 13217 | Abyss:3  | Reached *** piety under Qazlal
 13218 | Abyss:3  | Reached skill level 5 in Dodging
 13243 | Abyss:3  | Gained mutation: Your skin changes colour to match your
                  | surroundings (Stealth+). [potion of mutation]
 13243 | Abyss:3  | Gained mutation: You are partially covered in iridescent
                  | scales. (AC +2) [potion of mutation]
 13246 | Abyss:3  | Noticed a wretched star
 13258 | Abyss:3  | Killed a wretched star
 13259 | Abyss:3  | Reached skill level 12 in Air Magic
 13315 | Abyss:3  | Noticed a thrashing horror
 13319 | Abyss:3  | Noticed a spatial maelstrom
 13322 | Abyss:3  | Noticed a thrashing horror
 13322 | Abyss:3  | Noticed a thrashing horror
 13323 | Abyss:3  | Noticed a thrashing horror
 13325 | Abyss:3  | Noticed a thrashing horror
 13328 | Abyss:3  | Killed a thrashing horror
 13328 | Abyss:3  | Killed by an exploding thrashing horror... ignited by their
                  | inner flame

Illustrated notes

Levels and vault maps discovered:
D:1:      dpeg_arrival_tiny_i, layout_rooms, serial_forest,
          infiniplex_forest_lined_room_, infiniplex_forest_lined_room_2,
          infiniplex_forest_end_2, infiniplex_forest_clump_curved,
          infiniplex_forest_straight_4, infiniplex_forest_end_2,
          minmay_parallelograms, minmay_misc_feat_nine_boxes
D:2:      layout_basic, dreamdust_ecumenical_altar_statues, serial_bayou_pond_a
D:3:      layout_basic
D:4:      layout_loops_corners, mainiacjoe_overflow_six_doors_small,
          kennysheep_mini_moat, minmay_temple_entry_trees,
          serial_co_window_serial, co_window_corner_a, co_window_corner_a,
          co_window_paths_b, co_window_paths_a, co_window_of_opportunity_a,
          co_window_of_opportunity_c, co_window_of_opportunity_b,
          co_window_broadway_b, co_window_corner_cb, co_window_unsneaky_path_b,
          co_window_broadway_c, glass_columns_a
D:5:      lemuel_ice_spiral_2, layout_basic
D:6:      layout_basic, general_overflow_altar
D:7:      layout_loops_corners, mainiacjoe_overflow_alcove_2,
          gammafunk_ghost_grave, grunt_ministairs_14
D:8:      layout_basic, mainiacjoe_overflow_catwalk, dpeg_lair_monsters,
          serial_shops, nicolae_stop_n_shop_2, gup_ossuary_entry_pyramid,
          kennysheep_potato
D:9:      due_chaos_kobolds, layout_small_grid, kennysheep_slug_shrine,
          serial_shops, shop_statue
D:10:     layout_grid_maze
D:11:     layout_loops_ring, gauntlet_entry_generic, uniq_gastronok, uniq_urug,
          uniq_maurice, uniq_sonja
Temple:   eino_temple_scatter_basement
Abyss:3:  base: D:8, doesnt_abyss_rune_brain_food, minivault_5,
          grunt_abyss_rune_wretched_hive,
          hangedman_grunt_abyss_rune_horror_hoard

Skill      XL: |  1  2  3  4  5  6  7  8  9 10 11 |
---------------+----------------------------------+-----
Air Magic      | 3 4 5 6 7 10 11 12 | 12.0
Conjurations   | 3 4 5 6 9 |  9.1
Spellcasting   | 4 |  4.1
Invocations    | 3 |  3.1
Dodging        | 5 |  5.4
Fighting       | 4 |  4.6
Stealth        | |  2.1

Action                   |  1- 3 |  4- 6 |  7- 9 | 10-12 || total
-------------------------+-------+-------+-------+-------++-------
Melee: Flail             |       |       |     3 |     3 ||     6
 Fire: Hunting sling     |    52 |    63 |   150 |    13 ||   278
Throw: Throwing net      |       |       |     3 |     2 ||     5
       Dart              |       |       |     2 |     3 ||     5
 Cast: Shock             |    23 |    49 |   103 |    53 ||   228
       Static Discharge  |       |     3 |     6 |    19 ||    28
       Airstrike         |       |       |    16 |    35 ||    51
       Poisonous Vapours |       |       |       |    67 ||    67
       Swiftness         |       |       |       |     2 ||     2
Evoke: Wand              |       |     2 |     9 |     9 ||    20
  Use: Scroll            |       |       |     9 |     8 ||    17
       Potion            |       |       |       |    14 ||    14
 Stab: Paralysed         |       |       |     3 |       ||     3
Armor: Robe              |    13 |    17 |    24 |    53 ||   107
       Skin              |       |       |       |    25 ||    25
Dodge: Dodged            |    12 |    17 |    50 |    71 ||   150
Block: Other             |       |       |     2 |    36 ||    38
